 Dungeon Crawl Stone Soup version 0.27.1-1-g398f81649c (webtiles) character file.

Game seed: 904662048443976138

351 hawla the Grave Robber (level 6, 0/34 HPs)
             Began as a Deep Elf Necromancer on Sept 4, 2021.
             Was an Initiate of Ashenzari.
             Slain by a killer bee (1 damage)
             ... on level 4 of the Dungeon on Sept 5, 2021.
             The game lasted 00:12:17 (3566 turns).

hawla the Grave Robber (Deep Elf Necromancer)       Turns: 3566, Time: 00:12:18

Health: 0/34       AC:  4    Str:  5    XL:     6   Next: 34%
Magic:  10/15      EV: 13    Int: 22    God:    Ashenzari [......]
Gold:   1073       SH:  0    Dex: 17    Spells: 2/15 levels left

rFire    . . .     SeeInvis +   i - +2 dagger (venom)
rCold    . . .     Faith    .   (no shield)
rNeg     . . .     Spirit   .   a - +0 robe
rPois    .         Reflect  .   (helmet restricted)
rElec    .         Harm     .   (no cloak)
rCorr    .         Rampage  .   (no gloves)
Will     .....                  (no boots)
Stlth    ++........             (no amulet)
HPRegen  0.11/turn              j - ring of see invisible
MPRegen  0.14/turn              (no ring)

@: lethally poisoned (0 -> -12)
A: antennae 2, iridescent scales 1, agile 1
a: Renounce Religion


You were on level 4 of the Dungeon.
You worshipped Ashenzari.
Ashenzari was noncommittal.
You visited 1 branch of the dungeon, and saw 4 of its levels.

You collected 1073 gold pieces.

Inventory:

Hand Weapons
 i - a +2 dagger of venom (weapon)
Missiles
 c - 2 silver boomerangs (quivered)
 e - 2 atropa-tipped darts
Armour
 a - a +0 robe (worn)
Jewellery
 j - a ring of see invisible (left hand)
Wands
 k - a wand of polymorph (9)
Scrolls
 b - a scroll of amnesia
Potions
 f - a potion of curing
 h - a potion of flight


   Skills:
 - Level 1.0 Fighting
 - Level 1.0 Throwing
 - Level 3.0 Dodging
 - Level 3.0 Stealth
 - Level 5.2 Spellcasting
 + Level 1.5 Summonings
 + Level 7.0 Necromancy
 + Level 1.5 Translocations


You had 2 spell levels left.
You knew the following spells:

 Your Spells              Type           Power      Damage    Failure   Level
a - Pain                  Necr           100%       1d9       1%          1
b - Vampiric Draining     Necr           18%        2d8       1%          3
c - Animate Dead          Necr           18%        N/A       5%          4
d - Call Canine Familiar  Summ           12%        N/A       16%         3
e - Blink                 Tloc           N/A        N/A       8%          2

Your spell library contained the following spells:

 Spells                   Type           Power      Damage    Failure   Level
 Animate Skeleton         Necr           72%        N/A       1%          1
 Summon Small Mammal      Summ           48%        N/A       5%          1
 Lesser Beckoning         Tloc           6%         N/A       16%         3
 Agony                    Necr           36%        N/A       16%         5
 Summon Guardian Golem    Hex/Summ       9%         N/A       22%         3
 Manifold Assault         Tloc           12%        N/A       82%         5


Dungeon Overview and Level Annotations

Branches:
Dungeon (4/15)
 Temple: D:4-7

Altars:
Ashenzari
Elyvilon
Hepliaklqana
Kikubaaqudgha
Wu Jian
Xom

Annotations:
D:4 Menkaure


Innate Abilities, Weirdness & Mutations

You have a pair of antennae on your head.
You are partially covered in iridescent scales. (AC +2)
You are agile. (Dex +2)


Message History

The killer bee stings you.
You are poisoned.
The killer bee poisons you! The nameless horror misses you.
Your jackal zombie bites the nameless horror.
The killer bee stings you but does no damage.
The orc wizard points at you and mumbles some strange words.
You resist with some effort.
Okay, then.
You feel much better.
You feel sick. The killer bee stings you.
The killer bee stings you but does no damage.
Menkaure calls on the powers of darkness!
The orc wizard convulses!
The killer bee convulses!
The orc priest convulses!
The killer bee convulses! x2; Your body is wracked with pain!
The killer bee barely misses you. The nameless horror closely misses you.
Your jackal zombie bites the nameless horror but does no damage.
The killer bee misses you. The orc wizard completely misses you.
You miss the killer bee.
The killer bee is heavily wounded.
You feel sick.
You kill the orc wizard!
The killer bee stings you.
* * * LOW HITPOINT WARNING * * *
The killer bee barely misses you.
Your jackal zombie bites the nameless horror.
The killer bee stings you.
* * * LOW HITPOINT WARNING * * *
You are more poisoned.
The killer bee poisons you! The nameless horror closely misses you.
The killer bee barely misses you. Menkaure misses you.
Your Necromancy skill increases to level 7!
You feel better.
The killer bee stings you but does no damage.
The killer bee closely misses you.
Your jackal zombie barely misses the nameless horror.
The killer bee stings you!
* * * LOW HITPOINT WARNING * * *
You are lethally poisoned!
The killer bee poisons you! The nameless horror closely misses you.
The killer bee stings you.
You die...

#.........#
#....##.###
#.##..#.#
..##...X#######
..............h
≈≈≈≈....####.##
...≈..#Z#
≈§.≈..#X#
.≈.≈..#@#
.§§≈.yyMy......
.§§≈..oo####.##
≈≈.≈....#
...≈....#
≈≈≈≈....#
.....)..#
#####....


You could see 2 nameless horrors, Menkaure (fast), 3 killer bees, an orc priest,
an orc wizard (invisible) and a friendly jackal zombie.

Vanquished Creatures
  Sigmund (D:3)
  An ogre (D:4)
  An orc wizard (D:4)
  A gnoll (D:1)
  2 adders
  An adder skeleton (D:4)
  A worm (D:2)
  A dart slug (D:2)
  4 orcs
  3 ball pythons
  6 endoplasms
  6 giant cockroaches
  7 goblins
  2 hobgoblins (D:2)
  6 jackals
  4 kobolds
  5 quokkas
  2 bats
  3 frilled lizards
  4 rats
61 creatures vanquished.

Vanquished Creatures (collateral kills)
  A jackal (D:4)
  A rat (D:3)
2 creatures vanquished.

Vanquished Creatures (others)
  9 fungi (D:4)
9 creatures vanquished.

Grand Total: 72 creatures vanquished

Notes
Turn   | Place    | Note
-------+----------+-------------------------------------------
     0 | D:1      | hawla the Deep Elf Necromancer began the quest for the Orb.
     0 | D:1      | Reached XP level 1. HP: 10/10 MP: 6/6
    74 | D:1      | Reached skill level 5 in Necromancy
   487 | D:1      | Reached XP level 2. HP: 11/15 MP: 4/8
  1277 | D:2      | Reached XP level 3. HP: 15/19 MP: 6/10
  1966 | D:2      | Learned a level 3 spell: Vampiric Draining
  2150 | D:3      | Identified a scroll of acquirement
  2150 | D:3      | Acquired 885 gold pieces
  2245 | D:3      | Found a shimmering altar of Xom.
  2246 | D:3      | Found a hazy altar of Hepliaklqana.
  2247 | D:3      | Noticed a spectral ugly thing
  2296 | D:3      | Upgraded the game from 0.27.1 to 0.27.1-1-g398f81649c
  2428 | D:3      | Found a broken altar of Ashenzari.
  2428 | D:3      | Found an ancient bone altar of Kikubaaqudgha.
  2436 | D:3      | Became a worshipper of Ashenzari the Shackled
  2438 | D:3      | Gained mutation: You are partially covered in iridescent
                  | scales. (AC +2) [potion of mutation]
  2438 | D:3      | Gained mutation: You have a pair of small antennae on your
                  | head. [potion of mutation]
  2438 | D:3      | Gained mutation: You have a pair of antennae on your head.
                  | [potion of mutation]
  2438 | D:3      | Gained mutation: You are agile. (Dex +2) [potion of
                  | mutation]
  2470 | D:3      | Found an ornate altar of the Wu Jian Council.
  2473 | D:3      | Reached XP level 4. HP: 23/24 MP: 9/11
  2478 | D:3      | Learned a level 4 spell: Animate Dead
  2605 | D:3      | Found a white marble altar of Elyvilon.
  2616 | D:3      | Reached skill level 1 in Fighting
  2962 | D:3      | Noticed Sigmund
  2977 | D:3      | Killed Sigmund
  2978 | D:3      | Reached skill level 1 in Throwing
  2978 | D:3      | Reached skill level 5 in Spellcasting
  2978 | D:3      | Reached skill level 6 in Necromancy
  2978 | D:3      | Reached XP level 5. HP: 18/29 MP: 1/14
  2982 | D:3      | Learned a level 3 spell: Call Canine Familiar
  2985 | D:3      | Learned a level 2 spell: Blink
  3235 | D:4      | Noticed a lemure
  3235 | D:4      | Noticed a lemure
  3328 | D:4      | Noticed an ogre
  3339 | D:4      | Killed an ogre
  3340 | D:4      | Reached skill level 1 in Summonings
  3340 | D:4      | Reached skill level 1 in Translocations
  3340 | D:4      | Reached XP level 6. HP: 22/34 MP: 5/15
  3557 | D:4      | Noticed Menkaure
  3566 | D:4      | Reached skill level 7 in Necromancy
  3566 | D:4      | HP: 1/34 [killer bee (8)]
  3566 | D:4      | Slain by a killer bee

Illustrated notes

Levels and vault maps discovered:
D:1:      saegor_arrival_simple_c, layout_basic
D:2:      layout_rooms
D:3:      layout_basic, regret_index_temple_of_mockery,
          nicolae_wu_jian_immortal_techniques, lemuel_round_altar,
          gammafunk_temple_overflow_statue, uniq_sigmund
D:4:      layout_loops_ring, gammafunk_temple_overflow_pools,
          mainiacjoe_overflow_concentric_impassable, serial_aquarium,
          aquarium_bridge_straight [aquarium_subvault_bridge,
          aquarium_subvault_wall, aquarium_subvault_bridge,
          aquarium_subvault_window], aquarium_window_corridor_3,
          aquarium_window_fake, aquarium_window_1, aquarium_view_2e,
          aquarium_view_2f, aquarium_balcony_3b, moated_statue,
          uniq_crazy_yiuf_cottage, uniq_pikel, uniq_menkaure

Skill      XL: |  1  2  3  4  5  6 |
---------------+-------------------+-----
Necromancy     | 5 6 7 |  7.0
Stealth        | 3 |  3.0
Dodging        | 3 |  3.0
Fighting       | 1 |  1.0
Throwing       | 1 |  1.0
Spellcasting   | 5 |  5.2
Summonings     | 1 |  1.5
Translocations | 1 |  1.5

Action                   |  1- 3 |  4- 6 || total
-------------------------+-------+-------++-------
Melee: Dagger            |     1 |    46 ||    47
 Cast: Pain              |    68 |    19 ||    87
       Vampiric Draining |       |     6 ||     6
       Animate Dead      |       |     2 ||     2
       Call Canine Famil |       |     1 ||     1
  Use: Scroll            |     4 |     1 ||     5
       Potion            |     1 |     5 ||     6
Armor: Robe              |       |    22 ||    22
Dodge: Dodged            |    12 |    80 ||    92
